 Dungeon Crawl Stone Soup version 0.32-a0-86-g8db1b9f803 (webtiles) character file.

Game seed: 10539990358933811812

18 Newt the Chiller (level 2, 0/19 HPs)
             Began as a Merfolk Ice Elementalist on Feb 5, 2024.
             Slain by a goblin
             ... wielding a +0 dagger
              (2 damage)
             ... on level 1 of the Dungeon.
             The game lasted 00:01:00 (568 turns).

Newt the Chiller (Merfolk Ice Elementalist)          Turns: 568, Time: 00:01:01

Health: 0/19       AC:  2    Str:  8    XL:     2   Next: 70%
Magic:  5/5        EV: 12    Int: 14    God:
Gold:   14         SH:  0    Dex: 14    Spells: 3/5 levels left

rFire   . . .        (no weapon)
rCold   . . .        (no shield)
rNeg    . . .        a - +0 robe
rPois   .            (no helmet)
rElec   .            (no cloak)
rCorr   .            (no gloves)
SInv    .            (no boots)
Will    .....        (no amulet)
Stlth   ++           (no ring)
HPRegen 0.23/turn    (no ring)
MPRegen 0.09/turn

%: no passive effects
@: no status effects
A: (nimble swimmer 2), mertail
a: no special abilities


You were on level 1 of the Dungeon.
You visited 1 branch of the dungeon, and saw 1 of its levels.

You collected 14 gold pieces.

Inventory:

Armour
 a - a +0 robe (worn)
Jewellery
 e - a ring of protection from cold
Scrolls
 c - a scroll of noise {unknown}
 d - a scroll of summoning {unknown}


   Skills:
 - Level 2.6 Dodging
 - Level 2.1 Stealth
 + Level 2.3 Spellcasting
 * Level 5.0 Ice Magic


You had 3 spell levels left.
You knew the following spells:

 Your Spells              Type           Power      Damage    Failure   Level
a - Freeze                Ice            60%        1d7       3%          1
b - Summon Small Mammal   Summ           4%         N/A       22%         1

Your spell library contained the following spells:

 Spells                   Type           Power      Damage    Failure   Level
 Frozen Ramparts          Ice            30%        1d5       9%          3
 Ozocubu's Armour         Ice            15%        N/A       9%          3
 Ensorcelled Hibernation  Hex/Ice        16%        N/A       12%         2
 Summon Ice Beast         Ice/Summ       8%         N/A       24%         3
 Call Canine Familiar     Summ           1%         N/A       56%         3
 Passwall                 Erth           1%         N/A       56%         3
 Swiftness                Air            1%         N/A       56%         3
 Summon Blazeheart Golem  Fire/Summ      1%         N/A       92%         4


Dungeon Overview and Level Annotations

Branches:
Dungeon (1/15)

Altars:


Innate Abilities, Weirdness & Mutations

((You are very nimble when in or above water. (Stealth+, EV+, Speed+++)))
Your lower body shifts to a powerful aquatic tail in water.


Message History

You kill the frilled lizard!
The jackal closely misses you.
Unknown command.
Unknown command.
Unknown command.
You barely miss the jackal. The jackal closely misses you.
You hit the jackal.
The jackal is moderately wounded.
The jackal bites you.
* * * LOW HITPOINT WARNING * * *
You closely miss the jackal.
The jackal is lightly wounded.
The jackal completely misses you. The jackal barely misses you.
You hit the jackal.
The jackal is heavily wounded.
The jackal closely misses you.
Casting: Freeze (safe; 3% risk of failure)
Confirm with . or Enter, or press ? or * to list all spells.
Aiming: Freeze (safe; 3% risk of failure)
Press: ? - help, Shift-Dir - straight line, f - jackal
Aim: a jackal (heavily wounded)
You freeze the jackal.
You kill the jackal!
Your Ice Magic skill increases to level 5!
Unknown command.
Unknown command.
You hit the goblin but do no damage. The goblin barely misses you.
You hit the goblin.
The goblin is heavily wounded.
The goblin hits you with a +0 dagger.
* * * LOW HITPOINT WARNING * * *
You hit the goblin.
The goblin is severely wounded.
The goblin hits you with a +0 dagger.
* * * LOW HITPOINT WARNING * * *
You closely miss the goblin.
The goblin is severely wounded.
The goblin barely misses you. Magic courses through your body.
The goblin hits you with a +0 dagger.
You die...

....... ....
.......####...##
....... ......$.
....$.. ...... .....
..... ..r #..# #g##.#
#@.†# |#(##.######
....#......#
...##.......$#
........##.....###...
######## #^..........
####.####### #.# #.#


You could see a goblin and a rat.

Vanquished Creatures
  2 dart slugs (D:1)
  2 endoplasms (D:1)
  A goblin (D:1)
  2 hobgoblins (D:1)
  A jackal (D:1)
  A quokka (D:1)
  A bat (D:1)
  A frilled lizard (D:1)
  A kobold (D:1)
  2 rats (D:1)
14 creatures vanquished.

Notes
Turn   | Place    | Note
-------+----------+-------------------------------------------
     0 | D:1      | Newt the Merfolk Ice Elementalist began the quest for the
                  | Orb.
     0 | D:1      | Reached XP level 1. HP: 13/13 MP: 3/3
   130 | D:1      | Learned a level 1 spell: Summon Small Mammal
   170 | D:1      | Reached XP level 2. HP: 17/19 MP: 1/5
   256 | D:1      | Found a faded altar of an unknown god.
   564 | D:1      | Reached skill level 5 in Ice Magic
   568 | D:1      | Slain by a goblin

Illustrated notes

Levels and vault maps discovered:
D:1:      moated_graveyard_arrival, layout_basic,
          shapermc_ecumenical_altar_acropolis, chequers_serial_rivers_small_b,
          minmay_tall_x

Skill      XL: |  1  2 |
---------------+-------+-----
Ice Magic      | 5 |  5.0
Dodging        | |  2.6
Stealth        | |  2.1
Spellcasting   | |  2.3

Action                     || total
---------------------------++-------
  Melee: Unarmed           ||    30
         Punch             ||     2
   Cast: Freeze            ||    23
    Use: Potion            ||     1
 Armour: Robe              ||    15
  Dodge: Dodged            ||    26

Table legend: (Time is in decaauts)
 A = Elapsed time spent in this place.
 B = Non-inter-level travel time spent in this place.
 C = Inter-level travel time spent in this place.
 D = Time resting spent in this place.
 E = Time spent auto-exploring this place.
 F = Levels seen in this place.
 G = Mean time per level.
                   A        B        C        D        E       F      G
               +--------+--------+--------+--------+--------+-----+--------+
         Total |    563 |    563 |      0 |     41 |    413 |   1 |  563.0 |
       Dungeon |    563 |    563 |      0 |     41 |    413 |   1 |  563.0 |
               +--------+--------+--------+--------+--------+-----+--------+

Top non-repeatable levels by time:
     D:1: 563 daAuts
